 Dungeon Crawl Stone Soup version 0.20-a0-1086-g4bd2f5b (webtiles) character file.

141119 Wendigo the Impassioned (level 17, -1/116 (119) HPs)
             Began as a Kobold Hunter on Apr 28, 2017.
             Was the Champion of Uskayaw.
             Slain by a five-headed hydra (9 damage)
             ... on level 3 of the Swamp on May 1, 2017.
             The game lasted 01:58:43 (40441 turns).

Wendigo the Impassioned (Kobold Hunter)            Turns: 40441, Time: 01:58:44

HP:   -1/116 (119)  AC: 26    Str: 14    XL:     17   Next: 93%
MP:   30/30         EV: 18    Int: 15    God:    Uskayaw [******]
Gold: 631           SH:  7    Dex: 17    Spells: 12/16 levels left

rFire    + + +     SeeInvis .   H - +6 dagger (elec)
rCold    x . .     Gourm    .   o - +0 buckler of Gaclumig {MR++ Dex+2}
rNeg     . . .     Faith    +   b - +1 fire dragon scales
rPois    +         Spirit   .   d - +2 helmet of Theory {rPois rF++ MR+}
rElec    .         Reflect  .   S - scarf {repulsion}
rCorr    .         Harm     .   r - +1 pair of gloves
MR       ++++.                  q - +2 pair of boots
Stlth    ++........             h - amulet of faith
Regen    0.3/turn               p - +6 ring of protection
MPRegen  0.3/turn               v - +5 ring of evasion

@: studying Translocations, repel missiles
A: carnivore 3
a: Stomp, Line Pass, Grand Finale, Renounce Religion


You were on level 3 of the Swamp.
You worshipped Uskayaw.
Uskayaw was most pleased with you.
You were very full.

You visited 5 branches of the dungeon, and saw 28 of its levels.
You also visited: Ice Cave.

You collected 3023 gold pieces.
You spent 2392 gold pieces at shops.

Inventory:

Hand Weapons
 H - a +6 dagger of electrocution (weapon)
Armour
 b - +1 fire dragon scales (worn)
 d - the +2 helmet of Theory (worn) {rPois rF++ MR+}
   (You found it on level 13 of the Dungeon)

   It greatly protects you from fire.
   It protects you from poison.
   It affects your resistance to hostile enchantments.
 o - the +0 buckler of Gaclumig (worn) {MR++ Dex+2}
   (You acquired it on level 14 of the Dungeon)

   It affects your dexterity (+2).
   It affects your resistance to hostile enchantments.
 q - a +2 pair of boots (worn)
 r - a +1 pair of gloves (worn)
 S - a scarf of repulsion (worn)
Jewellery
 h - an amulet of faith (around neck)
 n - an uncursed ring of fire
 p - a +6 ring of protection (left hand)
 v - a +5 ring of evasion (right hand)
 z - an uncursed ring of see invisible
Wands
 F - a wand of confusion (10/48)
 I - a wand of enslavement (12/24)
Scrolls
 a - 6 scrolls of amnesia
 c - a scroll of enchant weapon
 i - 5 scrolls of remove curse
 y - a scroll of holy word
 B - 6 scrolls of magic mapping
 C - 4 scrolls of fog
 D - 8 scrolls of teleportation
 E - 3 scrolls of recharging
 Q - a scroll of identify
 V - 3 scrolls of blinking
 X - 2 scrolls of fear
 Y - 2 scrolls of silence
Potions
 e - 3 potions of curing
 l - 5 potions of heal wounds
 m - 2 potions of brilliance
 u - 12 potions of flight
 w - a potion of invisibility
 A - 3 potions of agility
 G - a potion of haste
 J - a potion of ambrosia
 L - a potion of resistance
 P - 2 potions of magic
 R - 7 potions of might
 T - 2 potions of cancellation
 Z - 2 potions of berserk rage
Books
 g - a book of Fire

   Spells                             Type                      Level
   a - Ignite Poison                  Fire/Transmutation/Poison    3
   b - Fireball                       Conjuration/Fire             5
   c - Bolt of Fire                   Conjuration/Fire             6
   d - Ring of Flames                 Charms/Fire                  7
   e - Ignition                       Fire                         8
 k - a book of Callings

   Spells                             Type                      Level
   a - Summon Small Mammal            Summoning                    1
   b - Call Imp                       Summoning                    2
   c - Call Canine Familiar           Summoning                    3
   d - Summon Guardian Golem          Hexes/Summoning              3
   e - Summon Lightning Spire         Summoning/Air                4
   f - Summon Ice Beast               Ice/Summoning                4
 s - a book of Party Tricks

   Spells                             Type                      Level
   a - Summon Butterflies             Summoning                    1
   b - Apportation                    Translocation                1
   c - Lesser Beckoning               Translocation                3
   d - Tukima's Dance                 Hexes                        3
   e - Alistair's Intoxication        Transmutation/Poison         5
   f - Invisibility                   Hexes                        6
 x - a manual of Translocations
Comestibles
 f - 19 meat rations
 j - 18 royal jellies


   Skills:
 - Level 18.1 Fighting
 - Level 12.0 Short Blades
   Level 8.0 Crossbows
 + Level 7.4 Armour
 - Level 3.7 Dodging
 - Level 7.2 Stealth
 - Level 5.7 Shields
 - Level 4.2 Hexes
 - Level 2.1 Summonings
 - Level 18.8 Invocations
 - Level 5.4 Evocations


You had 12 spell levels left.
You knew the following spells:

 Your Spells              Type           Power        Failure   Level  Hunger
a - Slow                  Hex            ##......     32%         2    ###....
b - Apportation           Tloc           #.....       77%         1    ##.....
c - Summon Butterflies    Summ           #.......     47%         1    ##.....


Dungeon Overview and Level Annotations

Branches:
Dungeon (15/15)            Temple (1/1) D:4            Lair (6/6) D:11
  Swamp (4/4) Lair:2       Spider (0/4) Lair:3        Slime (0/5) Lair:5
    Orc (2/2) D:10            Elf (0/3) Orc:2        Vaults (0/5) D:13
 Depths (0/5) D:15

Altars:
Ashenzari
Cheibriados
Dithmenos
Elyvilon
Fedhas
Gozag
Hepliaklqana
Kikubaaqudgha
Makhleb
Nemelex Xobeh
Okawaru
Qazlal
Ru
Sif Muna
Trog
Uskayaw
Vehumet
Wu Jian
Xom
Yredelemnul
Zin
The Shining One

Shops:
D:15 }   Orc:2 *[%%

Annotations:
D:1 exclusion: 2 downstairs, Sigmund
Lair:1 exclusion: oklob plant
Swamp:1 exclusion: downstairs
Orc:2 exclusion: upstairs


Innate Abilities, Weirdness & Mutations

You are small and have problems with some larger weapons.
You are carnivorous and can eat meat at any time.


Message History

You climb upwards.
There is a stone staircase leading down here.
You hit the alligator.
Lightning courses through the alligator!
You kill the alligator!
The seven-headed hydra bites you!
* * * LOW HITPOINT WARNING * * *
The seven-headed hydra barely misses you.
The seven-headed hydra bites you but does no damage.
The seven-headed hydra closely misses you.
The seven-headed hydra bites you but does no damage.
The seven-headed hydra bites you!
* * * LOW HITPOINT WARNING * * *
The seven-headed hydra bites you but does no damage.
The five-headed hydra bites you.
* * * LOW HITPOINT WARNING * * *
The five-headed hydra bites you.
* * * LOW HITPOINT WARNING * * *
The five-headed hydra bites you!
You die...

♣.....♣≈≈≈≈.≈≈≈≈≈.♣♣♣..≈≈≈♣
♣♣§..♣♣♣.≈..≈.≈≈≈≈♣ ♣.≈...♣♣
♣♣≈..♣≈.♣♣≈≈.≈≈≈♣♣♣♣≈≈≈)..♣♣
♣♣≈≈≈..≈.≈.♣.≈≈≈.?.≈≈≈≈≈≈≈.♣
♣≈≈≈≈≈≈......≈≈≈≈≈≈≈≈≈≈≈≈≈.♣
♣♣.≈≈≈≈≈...<≈≈.≈≈≈≈≈.≈≈≈≈≈≈♣♣
♣./≈≈≈≈≈≈≈≈≈.♣♣....≈.≈≈≈≈≈..♣
♣...≈≈≈≈≈...≈♣D≈≈.....≈≈≈≈≈.♣
♣(≈....≈♣♣♣♣♣♣D@≈≈≈......≈≈.♣
♣..>...♣♣♣ ♣♣♣♣♣.≈.....≈≈.♣
♣♣≈.≈≈..≈♣♣♣♣ ♣...≈♣♣♣..♣♣
♣♣♣.≈≈§≈†.♣≈.♣♣ ♣..≈♣♣♣♣♣♣♣
.♣♣.≈≈.≈≈..≈≈.♣ ♣♣≈.♣♣..♣
...≈.≈.♣♣♣≈≈≈≈♣ ♣≈.≈♣♣♣≈♣
≈§.≈♣♣♣♣ ♣♣≈≈.♣ ♣.≈≈♣♣♣≈♣♣♣
≈≈§..♣ ♣≈≈.♣♣♣♣..≈♣♣≈≈≈.♣
≈≈...♣♣ ♣.....♣♣♣♣≈..≈≈)♣♣♣♣


You could see a seven-headed hydra and a five-headed hydra.

Vanquished Creatures
  An orc warlord (Orc:1)
  Snorg (D:10)
  Josephine (D:13)
  Erolcha (D:13)
  The ghost of Armakuni the Cleaver, a journeyman HuGl of Elyvilon (Lair:2)
  3 ghost crabs
  15 hydras
  A vault guard (D:13)
  2 ice dragons (IceCv)
  3 catoblepae (Lair:6)
  2 centaur warriors
  8 death yaks
  10 two-headed ogres
  3 alligators
  An orc high priest (Orc:2)
  A queen ant (D:8)
  An ogre mage (D:15)
  The ghost of pedritolo the Ruffian, a novice TrEE of Okawaru (D:8)
  A fire crab (Lair:4)
  A death drake (Swamp:2)
  5 skeletal warriors (D:15)
  An unseen horror (D:11)
  A spriggan druid (Swamp:4)
  9 swamp dragons
  The ghost of skk the Cudgeler, a novice TrMo (D:6)
  3 spectral hydras (Swamp:2)
  4 shambling mangroves
  A lindwurm (Lair:6)
  2 orc knights
  A phantasmal warrior (Swamp:2)
  A necromancer (Swamp:2)
  7 orc sorcerers
  3 deep elf magi
  16 ugly things
  5 cyclopes
  4 manticores
  A black mamba (Lair:1)
  Maurice (D:10)
  Psyche (D:12)
  2 ice statues (IceCv)
  A naga mage (D:15)
  15 spiny frogs
  3 gargoyles
  5 rime drakes
  A swamp worm zombie (Swamp:2)
  6 komodo dragons
  2 tengu conjurers (D:14)
  10 hornets
  3 large abominations (Swamp:2)
  3 polar bears
  2 jumping spiders (Lair:3)
  Grinder (D:6)
  11 trolls
  Prince Ribbit (D:8)
  5 tyrant leeches
  3 spectral swamp dragons (Swamp:2)
  25 blink frogs
  13 slime creatures
  11 hippogriffs
  13 bog bodies (Swamp:2)
  3 alligator zombies (Swamp:2)
  11 dream sheep (Lair:6)
  A redback (shapeshifter) (D:15)
  2 shadows
  2 redbacks (Lair:3)
  2 spriggans (Swamp:2)
  76 yaks
  6 wraiths
  5 basilisks
  3 hungry ghosts
  The ghost of Gorglomux the Cleaver, an amateur HOMo (D:3)
  A steam dragon (D:15)
  4 tyrant leech zombies (Swamp:2)
  2 wyverns
  27 vampire mosquitoes
  Edmund (D:5)
  4 insubstantial wisps (Swamp:2)
  3 wargs (Orc:1)
  A harpy simulacrum (D:12)
  15 soldier ants
  12 swamp worms
  2 spiny frog zombies (Swamp:2)
  4 acid dragons
  17 water moccasins
  4 porcupines
  30 orc warriors
  10 swamp drakes
  4 sky beasts
  A necrophage (D:12)
  5 eyes of draining
  14 ice beasts (IceCv)
  12 ogres
  2 phantoms
  8 centaurs
  11 crocodiles
  2 big kobolds
  21 bullfrogs
  6 scorpions
  A troll zombie (Swamp:2)
  A water moccasin zombie (D:10)
  A spriggan zombie (Swamp:2)
  15 wights
  9 killer bees
  2 electric eels
  5 howler monkeys (D:9)
  7 crimson imps
  7 hounds
  A quasit (D:7)
  20 orc wizards
  2 bullfrog zombies
  2 bullfrog skeletons
  6 jellies
  3 centaur zombies
  23 orc priests
  7 centaur skeletons
  35 worker ants
  A killer bee zombie (D:8)
  A hound zombie (D:6)
  A hound skeleton (D:5)
  A worker ant zombie (D:11)
  12 adders
  4 gnolls (D:2)
  5 shadow imps
  12 white imps (Lair:1)
  2 adder skeletons
  An adder zombie (D:7)
  3 worms
  2 dart slugs (D:1)
  6 leopard geckos
  94 orcs
  11 bats
  10 giant cockroaches
  12 goblins
  10 hobgoblins
  13 jackals
  11 quokkas
  5 frilled lizards
  A jackal skeleton (D:4)
  11 kobolds
  2 leopard gecko skeletons
  2 leopard gecko zombies
  A quokka skeleton (D:7)
  9 rats
986 creatures vanquished.

Vanquished Creatures (others)
  A spiny frog (Swamp:2)
  A swamp worm zombie (Swamp:2)
  2 slime creatures (Swamp:2)
  An orc priest (Orc:2)
  An orc wizard (Orc:2)
  A worker ant (D:14)
  10 fungi
  10 plants
  A withered plant (Swamp:2)
28 creatures vanquished.

Grand Total: 1014 creatures vanquished

Notes
Turn   | Place    | Note
-------+----------+-------------------------------------------
     0 | D:1      | Wendigo the Kobold Hunter began the quest for the Orb.
     0 | D:1      | Reached XP level 1. HP: 12/12 MP: 1/1
    48 | D:1      | Reached skill level 1 in Short Blades
    48 | D:1      | Reached skill level 5 in Crossbows
   174 | D:1      | Reached XP level 2. HP: 11/17 MP: 2/2
   617 | D:1      | Reached XP level 3. HP: 21/21 MP: 3/3
  1077 | D:2      | Noticed Sigmund
  1336 | D:2      | Reached XP level 4. HP: 18/26 MP: 4/4
  2479 | D:3      | Noticed Gorglomux's ghost (amateur HOMo)
  3145 | D:2      | Reached skill level 5 in Short Blades
  3148 | D:2      | Reached XP level 5. HP: 29/31 MP: 5/5
  3174 | D:3      | Found a sacrificial altar of Ru.
  5474 | D:3      | Killed Gorglomux's ghost
  5474 | D:3      | Reached XP level 6. HP: 37/37 MP: 6/6
  5552 | D:3      | Found a bloodstained altar of Trog.
  5553 | D:3      | Found a deep blue altar of Sif Muna.
  5559 | D:3      | Found a hazy altar of Hepliaklqana.
  5559 | D:3      | Found a basalt altar of Yredelemnul.
  5562 | D:3      | Found a burning altar of Makhleb.
  5563 | D:3      | Found a glowing silver altar of Zin.
  5564 | D:3      | Found an ornate altar of the Wu Jian Council.
  5901 | D:4      | Reached XP level 7. HP: 41/42 MP: 7/7
  5916 | D:4      | Noticed a dagger
  5916 | D:4      | Noticed a dagger
  5916 | D:4      | Found a hide-covered altar of Uskayaw.
  5951 | D:4      | Became a worshipper of Uskayaw the Reveler
  6043 | D:4      | Reached * piety under Uskayaw
  6045 | D:4      | Reached ** piety under Uskayaw
  6143 | D:4      | Reached skill level 1 in Invocations
  6159 | D:4      | Reached *** piety under Uskayaw
  6167 | D:4      | Reached **** piety under Uskayaw
  6424 | D:4      | Found a stormy altar of Qazlal.
  6484 | D:4      | Found a staircase to the Ecumenical Temple.
  6494 | Temple   | Entered the Ecumenical Temple
  6586 | D:5      | Entered Level 5 of the Dungeon
  6956 | D:5      | Found an opulent altar of Gozag.
  6978 | D:5      | Noticed Edmund
  7007 | D:5      | Killed Edmund
  7386 | D:6      | Reached XP level 8. HP: 36/48 MP: 9/9
  7490 | D:6      | Noticed skk's ghost (novice TrMo)
  7657 | D:6      | Killed skk's ghost
  7657 | D:6      | Reached skill level 5 in Fighting
  7807 | D:6      | Reached skill level 10 in Short Blades
  7914 | D:6      | Reached XP level 9. HP: 49/55 MP: 12/12
  8150 | D:6      | Noticed Grinder
  8172 | D:6      | Killed Grinder
  8305 | D:6      | Found a shadowy altar of Dithmenos.
  8757 | D:6      | Reached skill level 5 in Invocations
  9125 | D:7      | Learned a level 2 spell: Slow
  9602 | D:7      | Noticed a hippogriff
  9619 | D:7      | Killed a hippogriff
  9771 | D:7      | Reached XP level 10. HP: 62/63 MP: 14/14
  9967 | D:8      | Noticed pedritolo's ghost (novice TrEE)
  9970 | D:8      | Noticed a brown ugly thing
 10001 | D:8      | Killed pedritolo's ghost
 10820 | D:8      | Noticed Prince Ribbit
 10836 | D:8      | Killed Prince Ribbit
 10909 | D:8      | Killed a brown ugly thing
 11057 | D:8      | Reached XP level 11. HP: 53/72 MP: 17/17
 11285 | D:8      | Noticed a queen ant
 11304 | D:8      | Reached ***** piety under Uskayaw
 11312 | D:8      | Reached skill level 10 in Fighting
 11331 | D:8      | Reached ****** piety under Uskayaw
 11356 | D:8      | Killed a queen ant
 11387 | D:8      | Reached skill level 10 in Invocations
 12276 | D:8      | Noticed a two-headed ogre
 12294 | D:8      | Killed a two-headed ogre
 12744 | D:9      | Found a burning altar of Makhleb.
 13539 | D:10     | Entered Level 10 of the Dungeon
 14341 | D:10     | Noticed Snorg
 14358 | D:10     | Killed Snorg
 14358 | D:10     | Reached XP level 12. HP: 40/81 MP: 20/20
 14359 | D:10     | Found a staircase to the Orcish Mines.
 15351 | D:10     | Noticed Maurice
 15388 | D:10     | Killed Maurice
 15908 | D:10     | Identified Nefini's Guide on the Boosting Traveller
 16344 | D:11     | Found a glowing silver altar of Zin.
 16356 | D:11     | Reached skill level 5 in Stealth
 16918 | D:11     | Found a staircase to the Lair.
 16918 | D:11     | Noticed a death yak
 16932 | D:11     | Killed a death yak
 16938 | D:11     | Noticed a two-headed ogre
 16956 | D:11     | Killed a two-headed ogre
 16977 | D:11     | Reached XP level 13. HP: 47/87 MP: 6/22
 17581 | D:11     | Noticed a six-headed hydra
 17591 | D:11     | Killed a six-headed hydra
 17831 | D:11     | Upgraded the game from 0.20-a0-1065-g8446734 to 0.20-a0-1074-g6a0a8e1
 18034 | D:12     | Noticed Psyche
 18077 | D:12     | Killed Psyche
 18737 | Lair:1   | Entered Level 1 of the Lair of Beasts
 18811 | Lair:1   | Identified Sif Muna's Handbook of Fire and Orientation
 19174 | Lair:1   | Reached skill level 15 in Invocations
 19209 | Lair:1   | Found a frozen archway.
 19290 | IceCv    | Entered an ice cave
 20838 | IceCv    | Noticed an ice dragon
 20839 | IceCv    | Noticed an ice dragon
 21046 | IceCv    | Killed an ice dragon
 21115 | IceCv    | Killed an ice dragon
 21940 | Lair:2   | Noticed Armakuni's ghost (journeyman HuGl)
 21957 | Lair:2   | Killed Armakuni's ghost
 22065 | Lair:2   | Noticed a six-headed hydra
 22071 | Lair:2   | Killed a six-headed hydra
 22071 | Lair:2   | Reached XP level 14. HP: 84/92 MP: 26/26
 22126 | Lair:2   | Found a staircase to the Swamp.
 22820 | D:12     | Reached skill level 1 in Shields
 23642 | Lair:3   | Learned a level 1 spell: Apportation
 23815 | Lair:3   | Reached skill level 5 in Shields
 23969 | Lair:3   | Found a hole to the Spider Nest.
 24863 | Lair:4   | Reached skill level 1 in Evocations
 25006 | Lair:4   | Learned a level 1 spell: Summon Butterflies
 25180 | Lair:4   | Reached skill level 1 in Summonings
 25448 | Lair:4   | Reached skill level 1 in Hexes
 25707 | Lair:5   | Found a staircase to the Slime Pits.
 26410 | Lair:6   | Entered Level 6 of the Lair of Beasts
 26655 | Lair:6   | Reached XP level 15. HP: 67/98 MP: 27/27
 26814 | Lair:6   | Identified a scroll of acquirement
 27544 | Lair:6   | Reached skill level 15 in Fighting
 28165 | Orc:1    | Entered Level 1 of the Orcish Mines
 28416 | Orc:2    | Entered Level 2 of the Orcish Mines
 28416 | Orc:2    | Found a staircase to the Elven Halls.
 28463 | Orc:2    | Found a bloodstained altar of Trog.
 29303 | Orc:2    | Found Qyble's Food Shop.
 29303 | Orc:2    | Found Fanwa's Food Shop.
 29303 | Orc:2    | Found Osoybiets's Antique Armour Boutique.
 29318 | Orc:2    | Found Muj Obru's General Store.
 29370 | Orc:2    | Bought a pair of smoking gloves for 313 gold pieces
 29380 | Orc:2    | Identified the cursed -2 pair of gloves of the Eight Boll Weevils {rF+} (You bought it in a shop on level 2 of the Orcish Mines)
 29565 | Orc:1    | Noticed an orc warlord
 29618 | Orc:2    | Bought runed fire dragon scales for 2079 gold pieces
 29918 | Orc:1    | Killed an orc warlord
 30455 | D:13     | Found a gate to the Vaults.
 30962 | D:13     | Reached XP level 16. HP: 111/111 MP: 28/28
 31019 | D:13     | Got a smoking helmet
 31030 | D:13     | Identified the +2 helmet of Theory {rPois rF++ MR+} (You found it on level 13 of the Dungeon)
 31051 | D:13     | Noticed Erolcha
 31063 | D:13     | Killed Erolcha
 31412 | D:13     | Noticed Josephine
 31423 | D:13     | Killed Josephine
 31751 | D:14     | Got a translucent buckler
 31762 | D:14     | Identified the +0 buckler of Gaclumig {MR++ Dex+2} (You acquired it on level 14 of the Dungeon)
 32258 | D:14     | Got an encrusted cloak
 32269 | D:14     | Identified the +0 cloak "Fiky" {+Inv rC- rCorr} (You acquired it on level 14 of the Dungeon)
 32380 | D:15     | Entered Level 15 of the Dungeon
 32507 | D:15     | Found Nyetz's Gadget Shop.
 32633 | D:15     | Got a pair of twisted boots
 32644 | D:15     | Identified the +0 pair of boots "Nafett" {-Cast -Tele rN+++ MP+9 Slay+4} (You found it on level 15 of the Dungeon)
 32953 | D:15     | Found a staircase to the Depths.
 33768 | Swamp:1  | Entered Level 1 of the Swamp
 34168 | Swamp:1  | Got a pair of shimmering gloves
 34179 | Swamp:1  | Identified the cursed -5 pair of gloves of the Assorted Suns {rElec rPois rC++ Dex-5} (You found it on level 1 of the Swamp)
 34591 | Swamp:1  | Reached XP level 17. HP: 90/119 MP: 30/30
 35672 | Swamp:2  | Reached skill level 5 in Evocations
 35990 | Swamp:2  | Reached skill level 1 in Armour
 38990 | Swamp:2  | Upgraded the game from 0.20-a0-1074-g6a0a8e1 to 0.20-a0-1086-g4bd2f5b
 39088 | Swamp:3  | Reached skill level 5 in Armour
 40203 | Swamp:4  | Entered Level 4 of the Swamp
 40441 | Swamp:3  | Slain by a five-headed hydra

Vault maps used:
D:1:      minmay_arrival_jagged
D:2:      lemuel_flame_loot_1, uniq_sigmund
D:3:      wad_lake_hut, minitemple, nicolae_ru_awakened_eye, first_bread
D:4:      dancing_weapons_uskayaw, nicolae_overflow_crystal_walls,
          minmay_temple_entry_overgrown
D:5:      grunt_gozag_breadcrumbs, uniq_edmund
D:6:      grunt_dithmenos_shadows, uniq_grinder
D:7:      grunt_ogre_cave
D:8:      zaba_anthell, uniq_prince_ribbit1
D:9:      makhleb_heckhound_becter
D:10:     orc_0_dummy, lightli_orcish_oven, uniq_snorg, uniq_maurice
D:11:     david_lair_generic, basic_altar
D:12:     uniq_psyche
D:13:     david_vaults_5, uniq_erolcha, uniq_josephine
D:14:     minmay_staircase_statues_hall_large
D:15:     grunt_enter_depths_magical_seal, serial_shops,
          nicolae_shop_waterfront, minmay_rotating_lava
Temple:   eino_temple_lava
Lair:1:   portal_ice_cave_entry_imps, st_stairs_10, minmay_lair_oklob_chamber
Lair:2:   swamp_mist_pool, minivault_23, eino_small_chamber_without_monster
Lair:3:   spider_nest_entry_funnel_web, serial_bayou_crossing,
          serial_bayou_shore_a, serial_bayou_shore_b, infiniplex_staircase_pool
Lair:4:   serial_forest, infiniplex_forest_clump_small,
          infiniplex_forest_zigzag_1, infiniplex_forest_clump_medium,
          infiniplex_forest_clump_double, infiniplex_forest_end_2,
          infiniplex_forest_3_way, infiniplex_forest_clump_long,
          patterned_corridor
Lair:5:   dpeg_slime_entry_corner
Lair:6:   evilmike_catoblepas_cave
Swamp:1:  nicolae_swamp_very_dense_foliage
Swamp:2:  cheibrodos_swamp_mausoleum, evilmike_swamp_ruin_rubble_1,
          st_swamp_ruins_1
Swamp:3:  evilmike_swamp_ruin_house_4
Swamp:4:  swamp_alternative
Orc:2:    st_orc_mages, basic_altar
IceCv:    ice_cave_small_dragons

Skill      XL: |  1  2  3  4  5  6  7  8  9 10 11 12 13 14 15 16 17 |
---------------+----------------------------------------------------+-----
Short Blades   | 1 2 4 5 6 7 8 10 12 | 12.0
Crossbows      | 5 6 8 |  8.0
Fighting       | 3 4 5 7 9 11 12 13 16 18 | 18.1
Dodging        | 3 |  3.7
Invocations    | 2 4 6 9 11 12 16 18 | 18.8
Stealth        | 7 |  7.2
Shields        | 5 |  5.7
Evocations     | 3 5 |  5.4
Summonings     | 2 |  2.1
Hexes          | 4 |  4.2
Armour         | 7 |  7.4

Action                   |  1- 3 |  4- 6 |  7- 9 | 10-12 | 13-15 | 16-18 || total
-------------------------+-------+-------+-------+-------+-------+-------++-------
Melee: Short sword       |    67 |   332 |   415 |  1026 |       |       ||  1840
       Dagger            |       |       |       |   271 |  1816 |  1406 ||  3493
 Fire: Hand crossbow     |    16 |     6 |     6 |       |       |       ||    28
 Cast: Summon Butterflie |       |       |       |       |     2 |       ||     2
       Slow              |       |       |       |       |       |     1 ||     1
Invok: Line Pass         |       |       |     2 |       |     8 |     4 ||    14
       Stomp             |       |       |       |     7 |    22 |    20 ||    49
       Grand Finale      |       |       |       |       |     1 |       ||     1
Evoke: Wand              |       |       |       |       |     2 |     1 ||     3
       Box of beasts     |       |       |       |       |       |     1 ||     1
  Use: Potion            |     1 |     2 |     2 |     3 |     3 |       ||    11
       Scroll            |       |     2 |    11 |     4 |    21 |     8 ||    46
 Stab: Sleeping          |     1 |       |       |       |    23 |     7 ||    31
       Paralysed         |       |       |     8 |    51 |   107 |    83 ||   249
       Distracted        |       |       |       |       |     5 |     2 ||     7
       Confused          |       |       |       |       |     2 |     1 ||     3
  Eat: Chunk             |    10 |    14 |    13 |    33 |    53 |    31 ||   154
       Meat ration       |       |       |       |       |       |     1 ||     1
Armor: Leather armour    |    15 |     5 |       |       |       |       ||    20
       Ring mail         |       |     8 |       |       |       |       ||     8
       Chain mail        |       |    79 |   109 |   334 |       |       ||   522
       Skin              |       |    20 |     6 |     4 |       |       ||    30
       Troll leather arm |       |       |       |       |   299 |       ||   299
       Acid dragon scale |       |       |       |       |     5 |       ||     5
       Fire dragon scale |       |       |       |       |    33 |   451 ||   484
Dodge: Dodged            |    47 |    91 |    64 |   222 |   624 |   627 ||  1675
       Deflected         |       |       |       |       |    16 |    13 ||    29
Block: Buckler           |       |       |       |       |   193 |   321 ||   514
